AoeStats
← Chia

Arena

509406358Analyzed
3v3 RM · 6d ago on Sep 26, 2026· 28m 15s· 6 players
Game mode
Random Map
Map size
Normal (6 player)
Population
200
Speed
Normal
Resources
Standard
Victory
Conquest
Starting age
Dark Age
Ending age
Imperial Age
RankedLock teamsTeams togetherTeam positionsShared explorationLock speedFull tech treeHidden civsTurbo modeCheats
Victory
Defeat
🇨🇳 Khitans · China
1099
+17
🇹🇼 Franks · Taiwan
1087
+17
🇹🇼 Turks · Taiwan
1086
+17
🇩🇪 Italians · Germany
1193
-20
🇩🇪 Koreans · Germany
1089
-16
🇩🇪 Teutons · Germany
1053
-15
Chia
11:35 Feudal Age
12:35 Double-Bit Axe
15:44 Castle Age
17:21 Bow Saw
19:26 Scale Barding Armor
22:29 Wheelbarrow
22:20 Gold Mining
23:30 Wheelbarrow
24:54 Chain Barding Armor
24:37 Husbandry
25:58 Forging
beauty viper
12:17 Feudal Age
16:20 Castle Age
20:26 Imperial Age
20:59 Padded Archer Armor
26:33 Leather Archer Armor
强力枇杷露
10:05 Feudal Age
9:45 Loom
14:09 Castle Age
12:02 Double-Bit Axe
15:12 Domestication
17:50 Wheelbarrow
22:42 Stone Mining
22:49 Gold Mining
28:40 Imperial Age
26:27 Town Watch
26:39 Fletching
27:03 Pastoralism
27:22 Hand Cart
27:32 Bow Saw
27:58 Ballistics
27:50 Masonry
Nici
11:02 Feudal Age
15:08 Castle Age
12:52 Horse Collar
12:58 Double-Bit Axe
16:02 Bow Saw
16:06 Heavy Plow
18:47 Loom
20:33 Fervor
22:21 Town Watch
26:44 Imperial Age
25:53 Wheelbarrow
25:14 Fletching
26:29 Scale Barding Armor
26:20 Bodkin Arrow
26:36 Forging
26:12 Light Cavalry
26:30 Elite Skirmisher
27:39 Bloodlines
doo
11:00 Feudal Age
14:52 Castle Age
13:37 Town Watch
13:41 Double-Bit Axe
17:31 Gold Mining
19:14 Bow Saw
20:21 Horse Collar
31:08 Imperial Age
JohnnyBeGood
10:34 Feudal Age
14:22 Castle Age
12:44 Double-Bit Axe
13:19 Stone Mining
14:50 Loom
15:21 Horse Collar
22:26 Fletching
23:28 Gold Mining
24:57 Wheelbarrow
28:26 Bow Saw
Connection lost

Rejoining the realm…

Still unreachable

The connection could not be restored.

Session expired

The server has moved on; the page needs a fresh start.